 Dungeon Crawl Stone Soup version 0.25.1-2-g60ff931df9 (webtiles) character file.

Game seed: 4249881561856001931

11678 DildoBatman the Blocker (level 12, -1/82 HPs)
             Began as a Formicid Wizard on Aug 24, 2020.
             Was an Elder of Kikubaaqudgha.
             Hit by a silver javelin thrown by a minotaur (4 damage)
             ... in a Gauntlet.
             The game lasted 00:53:18 (12099 turns).

DildoBatman the Blocker (Formicid Wizard)          Turns: 12099, Time: 00:53:18

Health: -1/82      AC: 15    Str: 19    XL:     12   Next: 10%
Magic:  30/31      EV: 12    Int: 24    God:    Kikubaaqudgha [****..]
Gold:   594        SH: 11    Dex: 13    Spells: 4/25 levels left

rFire    . . .     SeeInvis +   W - staff of wizardry
rCold    . . .     Gourm    .   e - +0 kite shield
rNeg     . . .     Faith    .   J - +5 ring mail "Huhemaz" {MR+ Dex+4}
rPois    .         Spirit   .   (helmet unavailable)
rElec    .         Reflect  +   j - +0 cloak
rCorr    .         Harm     .   q - +0 pair of gloves
MR       ++++.                  (no boots)
Stlth    +.........             o - amulet "Muzypi" {Reflect MR++ Str+4 Slay+3 SH+5}
HPRegen  0.23/turn              p - ring of magical power
MPRegen  0.22/turn              N - ring of Fithaf {Str+6 Slay+2}

@: no status effects
A: permanent stasis, dig shafts and tunnels, four strong arms, antennae 3,
molten scales 1, screaming 1, weak 1, wild magic 1
a: Dig, Shaft Self, Receive Corpses, Renounce Religion


You were in a Gauntlet.
You worshipped Kikubaaqudgha.
Kikubaaqudgha was greatly pleased with you.
You were not hungry.

You visited 2 branches of the dungeon, and saw 12 of its levels.
You also visited: Sewer and Gauntlet.

You collected 718 gold pieces.
You spent 124 gold pieces at shops.

Inventory:

Hand Weapons
 a - a +1 dagger of venom
 b - a +0 halberd
 c - a +0 hunting sling
 B - a +0 quarterstaff
Missiles
 d - 260 stones
 g - 223 arrows
 l - 35 bolts
 s - 32 sling bullets
 u - 16 boomerangs
 w - 7 javelins
 C - 43 poisoned darts (quivered)
 E - 3 curare-tipped darts
 P - 5 atropa-tipped darts
 T - 3 boomerangs of dispersal
Armour
 e - a +0 kite shield (worn)
 j - a +0 cloak (worn)
 q - a +0 pair of gloves (worn)
 J - the +5 ring mail "Huhemaz" (worn) {MR+ Dex+4}
   (You found it on level 6 of the Dungeon)

   It affects your dexterity (+4).
   It affects your resistance to hostile enchantments.
Magical Staves
 r - an uncursed staff of conjuration
 W - an uncursed staff of wizardry (weapon)
Jewellery
 o - the amulet "Muzypi" (around neck) {Reflect MR++ Str+4 Slay+3 SH+5}
   (You found it in a Gauntlet)

   [amulet of reflection]

   It shields you and reflects attacks.
   It affects your strength (+4).
   It affects your accuracy and damage with ranged weapons and melee attacks
   (+3).
   It affects your resistance to hostile enchantments.
   It affects your SH (+5).
 p - a ring of magical power (left hand)
 t - an uncursed ring of resist corrosion
 y - an uncursed ring of protection from cold
 N - the ring of Fithaf (right hand) {Str+6 Slay+2}
   (You found it on level 8 of the Dungeon)

   [ring of strength]

   It affects your strength (+6).
   It affects your accuracy and damage with ranged weapons and melee attacks
   (+2).
 O - an uncursed amulet of the acrobat {unknown}
Wands
 K - a wand of iceblast (9)
 L - a wand of acid (7)
 R - a wand of paralysis (5)
Scrolls
 f - 3 scrolls of enchant armour
 h - 4 scrolls of fog
 i - 2 scrolls of vulnerability
 m - a scroll of fear
 x - a scroll of remove curse
 z - a scroll of identify
 D - 2 scrolls of amnesia
 F - 2 scrolls of noise
 G - a scroll of holy word
 H - a scroll of immolation
 M - 4 scrolls of enchant weapon
 V - a scroll of brand weapon {unknown}
Potions
 k - a potion of mutation
 n - 3 potions of magic
 A - 4 potions of curing
 I - 2 potions of lignification
 S - a potion of haste
Comestibles
 v - 19 rations


   Skills:
 - Level 3.6 Fighting
 - Level 3.6 Armour
 - Level 3.6 Dodging
 - Level 2.4 Stealth
 - Level 9.0 Shields
 - Level 7.3 Spellcasting
 - Level 6.0 Conjurations
   Level 1.0 Summonings
 - Level 8.3 Necromancy
   Level 0.8 Translocations
 - Level 5.0 Fire Magic
 - Level 5.0 Air Magic
 * Level 6.4 Earth Magic


You had 4 spell levels left.
You knew the following spells:

 Your Spells              Type           Power        Failure   Level  Hunger
a - Conjure Flame         Conj/Fire      #####...     2%          3    None
b - Borgnjor's Vile Clut  Necr/Erth      ######....   9%          5    #####..
c - Magic Dart            Conj           ####         1%          1    None
d - Vampiric Draining     Necr           ######....   1%          3    None
e - Mephitic Cloud        Conj/Pois/Air  ####....     4%          3    None
h - Dispel Undead         Necr           ######..     2%          4    ###....
z - Sublimation of Blood  Necr           ######....   1%          2    None

Your spell library contained the following spells:

 Spells                   Type           Power        Failure   Level  Hunger
 Animate Skeleton         Necr           N/A          1%          1    None
 Pain                     Necr           ####         1%          1    None
 Corpse Rot               Necr/Air       N/A          1%          2    None
 Animate Dead             Necr           N/A          2%          4    ###....
 Summon Small Mammal      Summ           ###.         4%          1    None
 Poisonous Vapours        Pois/Air       ####..       4%          2    None
 Apportation              Tloc           ###...       5%          1    None
 Corona                   Hex            ##.....      7%          1    None
 Sting                    Tmut/Pois      ##..         7%          1    None
 Call Imp                 Summ           ###.....     7%          2    None
 Slow                     Hex            ##......     11%         2    None
 Ignite Poison            Fire/Tmut/Pois ###.....     11%         3    None
 Olgreb's Toxic Radiance  Pois           ##......     47%         4    ###....
 Agony                    Necr           ######..     6%          5    #####..
 Excruciating Wounds      Chrm/Necr      #####.....   30%         5    #####..
 Blink                    Tloc           Unusable     N/A         2    N/A

Dungeon Overview and Level Annotations

Branches:
Dungeon (11/15)            Temple (1/1) D:4            Lair (0/6) D:11
  Sewer (visited)         Gauntlet (1/1)
    Orc: D:9-12

Altars:
Ashenzari
Cheibriados
Dithmenos
Elyvilon
Fedhas
Gozag
Hepliaklqana
Kikubaaqudgha
Makhleb
Nemelex Xobeh
Okawaru
Qazlal
Ru
Sif Muna
Trog
Uskayaw
Vehumet
Wu Jian
Xom
Yredelemnul
Zin
The Shining One

Shops:
D:4 *   D:5 ?   D:9 [   D:10 =

Annotations:
D:11 1 transporter Gauntlet 8 transporters, 3 runed translucent doors


Innate Abilities, Weirdness & Mutations

You cannot be hasted, slowed, berserked, paralysed or teleported.
You can dig through walls and to a lower floor.
Your four strong arms can wield two-handed weapons with a shield.
You have a pair of large antennae on your head. (SInv)
You are partially covered in molten scales. (AC +2)
You occasionally shout uncontrollably at your foes.
You are weak. (Str -2)
Your spells are a little harder to cast, but a little more powerful.


Message History

The minotaur is engulfed in noxious fumes.
The minotaur struggles to escape constriction.
You feel better.
The zombie hands constrict the minotaur.
The minotaur is engulfed in noxious fumes.
The minotaur throws a silver javelin.
The silver javelin pierces through you!!
The silver sears you!
The zombie hands lose their grip on something.
You see here 2 silver javelins.
You see here 2 silver javelins.
You see here 2 silver javelins.
Autopickup is now off.
You see here 2 silver javelins.
You see here 2 silver javelins.
The minotaur throws a silver javelin.
The silver javelin pierces through you!!
The silver sears you!
You die...
Kikubaaqudgha rasps: "You have failed me!
Welcome... death!"

#≈≈≈#≈≈≈#≈≈≈#..♣.......♣..#≈≈≈#≈≈
##≈###≈###≈###...........###≈###≈
### ### ##################### ##
.................#
#.♣.♣.©.©.©.©.♣.♣.#
#.................#
#####.###.###.#####
###.###.###.### #...@.........#
#H###.###.###.# #(###.###.###.#
#...H.........# #######'#######
#.....# ###.### #≈...≈# #≈≈∩≈≈#


You could see a minotaur.

Vanquished Creatures
  A death ooze (Gauntlet)
  A two-headed ogre (D:10)
  2 thrashing horrors (Gauntlet)
  An unseen horror (D:11)
  A moth of wrath (Gauntlet)
  A hornet (D:9)
  Prince Ribbit (D:8)
  3 hippogriffs
  Sigmund (D:1)
  2 wyverns
  7 yaks
  A hungry ghost (D:8)
  3 small abominations (Gauntlet)
  3 porcupines
  4 orc warriors
  2 black bears
  3 phantoms
  4 ice beasts
  4 ogres
  4 centaurs
  5 wolves (Gauntlet)
  A crocodile (D:11)
  2 big kobolds (D:10)
  Blork the orc (D:3)
  6 bullfrogs
  A wyvern skeleton (D:10)
  2 scorpions
  8 killer bees
  5 howler monkeys
  2 crimson imps
  4 centaur skeletons
  A centaur zombie (D:6)
  3 hounds
  A jelly (D:11)
  A bullfrog skeleton (D:7)
  8 orc priests
  An iguana (D:9)
  7 worker ants
  7 orc wizards
  A killer bee zombie (D:8)
  A hound zombie (D:9)
  A hound skeleton (D:9)
  A worker ant zombie (D:9)
  19 adders
  4 gnolls
  2 shadow imps (D:8)
  9 oozes
  An adder zombie (D:6)
  An adder skeleton (D:6)
  2 worms (D:3)
  A dart slug (D:1)
  9 leopard geckos
  25 orcs
  18 giant cockroaches
  8 goblins
  11 hobgoblins
  24 jackals
  2 quokkas (D:10)
  19 ball pythons
  9 bats
  9 frilled lizards
  A jackal skeleton (D:4)
  15 kobolds
  A leopard gecko skeleton (D:8)
  A leopard gecko zombie (D:5)
  A quokka skeleton (D:6)
  A quokka zombie (D:8)
  7 rats
  A toadstool (D:1)
320 creatures vanquished.

Vanquished Creatures (collateral kills)
  An orc (D:9)
1 creature vanquished.

Vanquished Creatures (others)
  18 fungi (D:11)
  8 plants (D:11)
  3 toadstools (D:1)
29 creatures vanquished.

Grand Total: 350 creatures vanquished

Notes
Turn   | Place    | Note
-------+----------+-------------------------------------------
     0 | D:1      | DildoBatman the Formicid Wizard began the quest for the
                  | Orb.
     0 | D:1      | Reached XP level 1. HP: 13/13 MP: 4/4
    99 | D:1      | Reached skill level 1 in Conjurations
   316 | D:1      | Reached XP level 2. HP: 12/19 MP: 4/6
   814 | D:1      | Reached XP level 3. HP: 23/24 MP: 0/7
   819 | D:1      | Learned a level 3 spell: Conjure Flame
   823 | D:1      | Learned a level 3 spell: Mephitic Cloud
  1012 | D:1      | HP: 1/24 [jackal (3)]
  1946 | D:2      | Reached XP level 4. HP: 30/30 MP: 5/8
  2572 | D:2      | Noticed Sigmund
  2734 | D:2      | Reached XP level 5. HP: 35/35 MP: 4/9
  2978 | D:3      | Found a glowing drain.
  3275 | Sewer    | Entered a sewer
  3291 | Sewer    | Reached skill level 1 in Fire Magic
  3291 | Sewer    | Reached skill level 1 in Air Magic
  3548 | Sewer    | Reached XP level 6. HP: 40/41 MP: 4/10
  5079 | D:3      | Reached XP level 7. HP: 41/46 MP: 1/11
  5350 | D:4      | Found Weoty's Assorted Antiques.
  5407 | D:3      | Reached skill level 5 in Conjurations
  5456 | D:4      | Bought a scroll labeled MYTROLI ELUZ for 29 gold pieces
  5456 | D:4      | Bought a scroll labeled VOPYDIYJACO for 29 gold pieces
  5507 | D:4      | Noticed Blork the orc
  5659 | D:4      | Found a staircase to the Ecumenical Temple.
  5669 | Temple   | Entered the Ecumenical Temple
  5767 | Temple   | Became a worshipper of Kikubaaqudgha
  5865 | D:3      | Killed Blork the orc
  6186 | D:5      | Entered Level 5 of the Dungeon
  6460 | D:5      | Reached skill level 1 in Shields
  6460 | D:5      | Reached XP level 8. HP: 52/52 MP: 12/12
  6616 | D:5      | Found Wuot's Magic Scroll Shoppe.
  6619 | D:5      | Bought a scroll of fog for 24 gold pieces
  6619 | D:5      | Bought a scroll of immolation for 42 gold pieces
  6701 | D:5      | Reached skill level 3 in Shields
  7093 | D:6      | Found a radiant altar of Vehumet.
  7118 | D:6      | Got a heavily runed ring mail
  7186 | D:6      | Identified the +5 ring mail "Huhemaz" {MR+ Dex+4} (You
                  | found it on level 6 of the Dungeon)
  7386 | D:6      | Reached skill level 5 in Fire Magic
  7522 | D:6      | Reached XP level 9. HP: 46/57 MP: 14/14
  7946 | D:7      | Reached * piety under Kikubaaqudgha
  7946 | D:7      | Identified Kikubaaqudgha's Grimoire of Dark Rituals
                  | (Kikubaaqudgha gifted it to you on level 7 of the Dungeon)
  7946 | D:7      | Received a gift from Kikubaaqudgha
  8190 | D:7      | Reached skill level 5 in Air Magic
  8199 | D:7      | Reached skill level 5 in Spellcasting
  8237 | D:7      | Found a stormy altar of Qazlal.
  8536 | D:1      | Killed Sigmund
  8860 | D:8      | Noticed a hippogriff
  8871 | D:8      | Killed a hippogriff
  8919 | D:8      | Noticed Prince Ribbit
  8932 | D:8      | Killed Prince Ribbit
  8932 | D:8      | Reached skill level 4 in Shields
  9019 | D:8      | Reached skill level 5 in Shields
  9019 | D:8      | Reached XP level 10. HP: 46/63 MP: 20/20
  9145 | D:8      | Got a fine silver ring
  9147 | D:8      | Identified the ring of Fithaf {Str+6 Slay+2} (You found it
                  | on level 8 of the Dungeon)
  9199 | D:8      | Reached skill level 6 in Shields
  9406 | D:8      | Found a white marble altar of Elyvilon.
  9627 | D:9      | Reached skill level 7 in Shields
  9648 | D:9      | Reached ** piety under Kikubaaqudgha
  9651 | D:9      | Found Valugiaph's Antique Armour Boutique.
  9677 | D:9      | Reached skill level 8 in Shields
  9773 | D:9      | Reached skill level 9 in Shields
  9787 | D:9      | Reached skill level 1 in Fighting
  9787 | D:9      | Reached skill level 1 in Armour
 10226 | D:10     | Entered Level 10 of the Dungeon
 10320 | D:10     | Reached XP level 11. HP: 56/75 MP: 21/21
 10322 | D:10     | Reached *** piety under Kikubaaqudgha
 10322 | D:10     | Identified Kikubaaqudgha's Collected Works on Black Rituals
                  | (Kikubaaqudgha gifted it to you on level 10 of the Dungeon)
 10322 | D:10     | Received a gift from Kikubaaqudgha
 10337 | D:10     | Reached skill level 1 in Necromancy
 10469 | D:10     | Noticed a two-headed ogre
 10534 | D:10     | Killed a two-headed ogre
 10534 | D:10     | Reached skill level 5 in Necromancy
 10903 | D:10     | Found Kinaudi's Jewellery Boutique.
 10965 | D:11     | Noticed an unseen horror
 11076 | D:11     | Killed an unseen horror
 11206 | D:11     | Reached **** piety under Kikubaaqudgha
 11249 | D:11     | Noticed a two-headed ogre
 11334 | D:11     | Found a transporter.
 11364 | D:11     | Found a staircase to the Lair.
 11423 | D:11     | Found a gate leading to a gauntlet.
 11430 | Gauntlet | Entered a Gauntlet
 11430 | Gauntlet | Found a transporter.
 11430 | Gauntlet | Noticed a moth of wrath
 11438 | Gauntlet | Found a transporter.
 11439 | Gauntlet | Found a transporter.
 11447 | Gauntlet | Found a runed translucent door.
 11450 | Gauntlet | Found a transporter.
 11452 | Gauntlet | Noticed a sea snake
 11452 | Gauntlet | Noticed a mana viper
 11452 | Gauntlet | a sea snake changed into a mana viper
 11453 | Gauntlet | Found a transporter.
 11454 | Gauntlet | a mana viper changed into a snapping turtle
 11456 | Gauntlet | Noticed a moth of wrath
 11456 | Gauntlet | a komodo dragon changed into a moth of wrath
 11462 | Gauntlet | Noticed a moth of wrath
 11462 | Gauntlet | a dream sheep changed into a moth of wrath
 11466 | Gauntlet | Noticed a cyclops
 11466 | Gauntlet | a moth of wrath changed into a cyclops
 11468 | Gauntlet | Found a transporter.
 11473 | Gauntlet | Found a runed translucent door.
 11473 | Gauntlet | Noticed an ettin
 11473 | Gauntlet | a moth of wrath changed into an ettin
 11475 | Gauntlet | Found a transporter.
 11477 | Gauntlet | Found a runed translucent door.
 11483 | Gauntlet | Noticed a wizard
 11485 | Gauntlet | Found a transporter.
 11490 | Gauntlet | Noticed a wizard
 11495 | Gauntlet | Found a transporter.
 11497 | Gauntlet | Noticed a thrashing horror
 11498 | Gauntlet | Noticed a thrashing horror
 11509 | Gauntlet | Found a transporter.
 11511 | Gauntlet | Noticed a death ooze
 11523 | Gauntlet | Found a transporter.
 11523 | Gauntlet | Found a transporter.
 11567 | Gauntlet | Found a transporter.
 11591 | Gauntlet | Found a transporter.
 11690 | Gauntlet | Killed a moth of wrath
 11715 | Gauntlet | Learned a level 3 spell: Vampiric Draining
 11721 | Gauntlet | Learned a level 5 spell: Borgnjor's Vile Clutch
 11724 | Gauntlet | Learned a level 2 spell: Sublimation of Blood
 11729 | Gauntlet | Learned a level 4 spell: Dispel Undead
 11810 | Gauntlet | Killed a death ooze
 11952 | Gauntlet | Gained mutation: You are weak. (Str -2) [potion of
                  | mutation]
 11952 | Gauntlet | Gained mutation: You occasionally shout uncontrollably at
                  | your foes. [potion of mutation]
 11952 | Gauntlet | Gained mutation: Your spells are a little harder to cast,
                  | but a little more powerful. [potion of mutation]
 11952 | Gauntlet | Gained mutation: You are partially covered in molten
                  | scales. (AC +2) [potion of mutation]
 11962 | Gauntlet | Killed a thrashing horror
 11962 | Gauntlet | Reached skill level 5 in Earth Magic
 11962 | Gauntlet | Reached XP level 12. HP: 76/82 MP: 21/22
 11966 | Gauntlet | Killed a thrashing horror
 11977 | Gauntlet | Got a wavering crystal amulet
 11984 | Gauntlet | Noticed a minotaur
 12032 | Gauntlet | Identified the amulet "Muzypi" {Reflect MR++ Str+4 Slay+3
                  | SH+5} (You found it in a Gauntlet)
 12099 | Gauntlet | HP: 3/82 [minotaur/silver javelin (20)]
 12099 | Gauntlet | Hit by a silver javelin thrown by a minotaur

Illustrated notes

Levels and vault maps discovered:
D:1:      ldierk_water_garden, layout_loops_corners, minmay_tripent
D:2:      layout_basic, first_ration, minmay_misc_feat_alley,
          kennysheep_nondescript, uniq_sigmund
D:3:      layout_loops_cross, gup_sewer_entry_glass, kennysheep_generic_room_14
D:4:      layout_basic, minmay_temple_entry_antechambers, serial_shops,
          nicolae_shop_trees, uniq_blork_the_orc
D:5:      layout_basic, serial_shops, kennysheep_mini_moat
D:6:      layout_loops_cross, basic_altar, minmay_misc_feat_rows
D:7:      layout_basic, basic_altar
D:8:      layout_basic, lemuel_round_altar, uniq_prince_ribbit1
D:9:      layout_rooms, serial_shops, nicolae_shop_stone
D:10:     layout_loops_cross, basic_altar, serial_shops, kennysheep_mini, shop
D:11:     gammafunk_jiyva_shrine, layout_basic, due_lair_maze_entry_diamond,
          serial_shops, nicolae_shop_stone, gauntlet_entry_generic
Temple:   compressed_dpeg_circular_temple
Gauntlet: minmay_gauntlet_77_tree [minmay_gauntlet_arena_77_tiled_triplets,
          minmay_gauntlet_arena_77_hold_the_fort, minmay_gauntlet_arena_77_path,
          minmay_gauntlet_arena_77_chump_sandwich,
          minmay_gauntlet_arena_77_double_cross,
          minmay_gauntlet_arena_77_shame_cube,
          minmay_gauntlet_arena_77_radiant_squares, gauntlet_exit_watery]

Skill      XL: |  1  2  3  4  5  6  7  8  9 10 11 12 |
---------------+-------------------------------------+-----
Conjurations   | 1 2 3 4 5 6 |  6.0
Fire Magic     | 1 2 3 5 |  5.0
Air Magic      | 1 2 3 4 5 |  5.0
Shields        | 1 3 5 9 |  9.0
Spellcasting   | 7 |  7.3
Fighting       | 3 |  3.6
Armour         | 3 |  3.6
Dodging        | 3 |  3.6
Necromancy     | 8 |  8.3
Earth Magic    | 5 6 |  6.4
Stealth        | |  2.4
Summonings     | |  1.0
Translocations | |  0.8

Action                   |  1- 3 |  4- 6 |  7- 9 | 10-12 || total
-------------------------+-------+-------+-------+-------++-------
Melee: Unarmed           |     3 |       |       |       ||     3
       Club              |    51 |       |       |       ||    51
       Whip              |       |    44 |     7 |       ||    51
       Flail             |       |       |    14 |       ||    14
       Halberd           |       |       |    98 |    14 ||   112
       Quarterstaff      |       |       |    82 |    71 ||   153
       Dagger            |       |       |       |   155 ||   155
       Staff             |       |       |       |     6 ||     6
 Fire: Hunting sling     |       |       |     7 |     8 ||    15
Throw: Boomerang         |       |       |     2 |       ||     2
       Dart              |       |       |    13 |    13 ||    26
 Cast: Magic Dart        |    95 |   222 |   108 |    37 ||   462
       Mephitic Cloud    |       |     3 |    27 |    51 ||    81
       Conjure Flame     |       |     2 |    32 |    30 ||    64
       Dispel Undead     |       |       |       |     3 ||     3
       Borgnjor's Vile C |       |       |       |     5 ||     5
 Abil: Dig               |     1 |    10 |    10 |    17 ||    38
Evoke: Wand              |       |       |       |     2 ||     2
  Use: Scroll            |       |       |     5 |     8 ||    13
       Potion            |       |       |       |     7 ||     7
 Stab: Confused          |       |     1 |     5 |    25 ||    31
       Sleeping          |       |       |     1 |     1 ||     2
  Eat: Chunk             |     3 |    12 |    17 |     9 ||    41
       Ration            |       |       |       |     1 ||     1
Armor: Robe              |    13 |    17 |     6 |       ||    36
       Ring mail         |       |       |    36 |    76 ||   112
Dodge: Dodged            |    78 |    84 |    67 |   131 ||   360
Block: Buckler           |       |       |    25 |     5 ||    30
       Kite shield       |       |       |       |   130 ||   130
